 Dungeon Crawl Stone Soup version 0.18.1-48-g4cf74bf (webtiles) character file.

75 Lennu the Chiller (level 4, -1/31 HPs)
             Began as a Merfolk Ice Elementalist on June 29, 2016.
             Slain by Sigmund
             ... wielding a +0 scythe
              (9 damage)
             ... on level 2 of the Dungeon.
             The game lasted 00:06:44 (1730 turns).

Lennu the Chiller (Merfolk Ice Elementalist)        Turns: 1730, Time: 00:06:44

Health: -1/31      AC:  3    Str:  9    XL:     4   Next: 31%
Magic:  7/7        EV: 13    Int: 14    God:
Gold:   91         SH:  0    Dex: 14    Spells: 2 memorised, 3 levels left

rFire  . . .     SeeInvis .     e - +0 spear
rCold  . . .     Gourm    .     g - +0 leather armour
rNeg   . . .     Faith    .     (no shield)
rPois  .         Spirit   .     (no helmet)
rElec  .         Dismiss  .     (no cloak)
rCorr  .         Reflect  .     (no gloves)
SustAt .         Harm     .     (no boots)
MR     .....                    (no amulet)
Stlth  ++........               (no ring)
                                (no ring)

@: not resistant to hostile enchantments, unstealthy
A: change form in water, swift swim
a: no special abilities


You were on level 2 of the Dungeon.
You were not hungry.

You visited 1 branch of the dungeon, and saw 2 of its levels.

You collected 91 gold pieces.

Inventory:

Hand Weapons
 e - a +0 spear (weapon)
Armour
 g - a +0 leather armour (worn)
Scrolls
 d - 2 scrolls of identify
 j - a scroll of fog
Potions
 f - a potion of agility {unknown}
 h - a potion of brilliance {unknown}
 l - a potion of heal wounds {unknown}
Books
 b - a book of Frost

   Spells                             Type                      Level
   a - Freeze                         Ice                          1
   b - Throw Frost                    Conjuration/Ice              2
   c - Ozocubu's Armour               Charms/Ice                   3
   d - Throw Icicle                   Conjuration/Ice              4
   e - Summon Ice Beast               Ice/Summoning                4
Comestibles
 a - a meat ration
 c - a bread ration


   Skills:
 * Level 0.9 Fighting
 * Level 1.3 Polearms
 * Level 1.0 Armour
 * Level 3.5 Dodging
 - Level 2.2 Stealth
 + Level 2.0 Spellcasting
   Level 0.7 Conjurations
 * Level 4.2 Ice Magic


You had 3 spell levels left.
You knew the following spells:

 Your Spells              Type           Power        Failure   Level  Hunger
a - Freeze                Ice            ##..         8%          1    ##.....
b - Ozocubu's Armour      Chrm/Ice       #.......     41%         3    ####...


Dungeon Overview and Level Annotations

Branches:
Dungeon (2/15)

Altars:
Xom

Annotations:
D:2 Sigmund


Message History

Casting: Freeze
Confirm with . or Enter, or press ? or * to list all spells.
You can't see any susceptible monsters within range! (Use Z to cast anyway.) Unknown command.
Casting: Freeze
Confirm with . or Enter, or press ? or * to list all spells.
You can't see any susceptible monsters within range! (Use Z to cast anyway.) Unknown command.
You barely miss something. Something hits you but does no damage.
You hit something but do no damage. Something hits you.
You miss something. You hit something. Something hits you.
You barely miss something. Something barely misses you.
You hit something. You hit something. Something hits you.
You hit something but do no damage. Something hits you.
* * * LOW HITPOINT WARNING * * *
You closely miss something. You closely miss something. Something hits you!
You die...

### #.. # #.# #
#.##{##.# #...@...#
####.#### #.#
#####.#####
#.........#
#.###.###.# ##+##
#.# #.# ##...##
##.###.# ##.....##
#...##.###.......##


There were no monsters in sight!

Vanquished Creatures
  Natasha (D:2)
  3 adders
  A giant gecko (D:2)
  A ball python (D:2)
  A giant cockroach (D:1)
  3 goblins (D:1)
  5 hobgoblins
  2 bats
  5 kobolds
  2 rats
24 creatures vanquished.

Notes
Turn   | Place    | Note
--------------------------------------------------------------
     0 | D:1      | Lennu the Merfolk Ice Elementalist began the quest for the Orb.
     0 | D:1      | Reached XP level 1. HP: 13/13 MP: 3/3
   426 | D:1      | Reached XP level 2. HP: 14/19 MP: 5/5
   977 | D:2      | Reached skill level 4 in Ice Magic
   977 | D:2      | Reached XP level 3. HP: 24/24 MP: 4/6
   982 | D:2      | Learned a level 3 spell: Ozocubu's Armour
  1379 | D:2      | Reached skill level 1 in Polearms
  1415 | D:2      | Found a shimmering altar of Xom.
  1415 | D:2      | Found a shimmering altar of Xom.
  1415 | D:2      | Found a shimmering altar of Xom.
  1415 | D:2      | Found a shimmering altar of Xom.
  1416 | D:2      | Noticed Natasha
  1425 | D:2      | Killed Natasha
  1425 | D:2      | Reached skill level 1 in Armour
  1425 | D:2      | Reached XP level 4. HP: 11/31 MP: 1/7
  1713 | D:2      | Noticed Sigmund
  1730 | D:2      | Slain by Sigmund

Skill      XL: |  1  2  3 |
---------------+----------+-----
Dodging        | 3 |  3.5
Ice Magic      | 4 |  4.2
Polearms       | 1 |  1.3
Armour         | 1 |  1.0
Fighting       | |  0.9
Stealth        | |  2.2
Spellcasting   | |  2.0
Conjurations   | |  0.7

Action                   |  1- 3 |  4- 6 || total
-------------------------+-------+-------++-------
Melee: Spear             |    78 |    14 ||    92
 Cast: Freeze            |    15 |     2 ||    17
  Use: Scroll            |     3 |     1 ||     4
 Stab: Sleeping          |     3 |       ||     3
  Eat: Chunk             |     2 |     1 ||     3
Armor: Leather armour    |    15 |     1 ||    16
Dodge: Dodged            |    45 |     2 ||    47
